 Dungeon Crawl Stone Soup version 0.27-a0-1206-g6342a01c75 (webtiles) character file.

Game seed: 1492041836032920387

378 Delamore the Shield-Bearer (level 7, -1/55 HPs)
             Began as a Formicid Fighter on June 5, 2021.
             Was a Believer of Okawaru.
             Slain by an ogre
             ... wielding a +0 giant club
              (23 damage)
             ... on level 3 of the Dungeon.
             The game lasted 00:04:16 (4140 turns).

Delamore the Shield-Bearer (Formicid Fighter)       Turns: 4140, Time: 00:04:17

Health: -1/55      AC:  6    Str: 22    XL:     7   Next: 4%
Magic:  7/7        EV:  8    Int:  8    God:    Okawaru [**....]
Gold:   168        SH: 10    Dex: 10    Spells: 6/6 levels left

rFire    . . .     SeeInvis +   a - +0 trident
rCold    . . .     Faith    .   c - +0 kite shield
rNeg     . . .     Spirit   .   b - +0 scale mail
rPois    .         Reflect  .   (helmet unavailable)
rElec    .         Harm     .   (no cloak)
rCorr    .         Rampage  .   (no gloves)
Will     .....                  (no boots)
Stlth    ..........             m - amulet of the acrobat
HPRegen  0.18/turn              (no ring)
MPRegen  0.10/turn              (no ring)

@: no status effects
A: permanent stasis, dig shafts and tunnels, antennae 3, four strong arms
a: Dig, Shaft Self, Renounce Religion, Heroism


You were on level 3 of the Dungeon.
You worshipped Okawaru.
Okawaru was pleased with you.
You visited 1 branch of the dungeon, and saw 4 of its levels.

You collected 168 gold pieces.

Inventory:

Hand Weapons
 a - a +0 trident (weapon)
Missiles
 i - 11 poisoned darts (quivered)
 k - 8 atropa-tipped darts
 l - a throwing net
Armour
 b - a +0 scale mail (worn)
 c - a +0 kite shield (worn)
Jewellery
 m - an amulet of the acrobat (around neck)
 n - a ring of positive energy
Wands
 g - a wand of charming (19)
 o - a wand of flame (14)
 q - a wand of digging (3)
Scrolls
 f - 2 scrolls of identify
 s - 2 scrolls of immolation
Potions
 d - a potion of might
 e - a potion of berserk rage
 h - 3 potions of attraction {unknown}
 j - 3 potions of degeneration {unknown}
 p - a potion of heal wounds {unknown}
 r - a potion of mutation {unknown}


   Skills:
 + Level 4.8 Fighting
 * Level 5.1 Polearms
 - Level 3.2 Armour
 + Level 5.4 Shields


You had 6 spell levels left.
You didn't know any spells.
Your spell library contained the following spells:

 Spells                   Type           Power      Damage    Failure   Level
 Confusing Touch          Hex            0%         N/A       100%        3
 Gell's Gravitas          Tloc           0%         N/A       100%        3
 Petrify                  Tmut/Erth      0%         N/A       100%        4
 Metabolic Englaciation   Hex/Ice        0%         N/A       100%        5
 Yara's Violent Unravell  Hex/Tmut       0%         3d3       100%        5


Dungeon Overview and Level Annotations

Branches:
Dungeon (4/15)
 Temple: D:4-7

Altars:
Okawaru

Shops:
D:2 =


Innate Abilities, Weirdness & Mutations

You cannot be hasted, slowed, berserked, paralysed or teleported.
You can dig through walls and to a lower floor.
You have a pair of large antennae on your head. (SInv)
Your four strong arms can wield two-handed weapons with a shield.


Message History

No target in view!
No target in view!
No target in view!
No target in view!
No target in view!
No target in view!
No target in view!
No target in view!
An ogre is nearby!
An ogre is nearby!
You extend your mandibles.
You throw a poisoned dart. The poisoned dart hits the ogre.
The ogre is poisoned.
The ogre shouts!
You throw a poisoned dart. The poisoned dart hits the ogre.
The ogre looks even sicker.
You throw a poisoned dart. The poisoned dart hits the ogre.
The ogre looks even sicker.
The ogre is lightly wounded.
You throw a poisoned dart. The poisoned dart hits the ogre.
The ogre looks as sick as possible!
The ogre is lightly wounded.
You throw a poisoned dart.
The poisoned dart closely misses the ogre.
The poisoned dart closely misses the phantom.
You throw a poisoned dart.
The poisoned dart barely misses the ogre.
You retract your mandibles.
There is a stone staircase leading up, spattered with blood here.
The ogre barely misses you.
You climb upwards.
There is a stone staircase leading down here.
You hit the ogre but do no damage.
The ogre is heavily wounded.
The ogre hits you with a +0 giant club!!
Ouch! That really hurt!
You hit the ogre.
The ogre is almost dead.
The ogre hits you with a +0 giant club!!
You die...

...........###..##.....#
#.##
..............^###.....#
#.# ..####......####
####### #.# ..# #####.##
#.# ..# #.# ##### #.#
..# #.# ### #...######.#
.##
#.######.###.#........#
.#
#...)..O...#...########
.## ######.@...##.##
..#### #........#
.....###### #.....####
#.........# #.....#
.....####.# #######
.##### #.### ># #...# .#
###.# .### ####.####


You could see an ogre (very poisoned).

Vanquished Creatures
  An ice beast (D:3)
  A bullfrog zombie (D:3)
  A hound (D:3)
  Natasha (thrice) (D:2)
  5 adders
  A river rat (D:3)
  An ufetubus (D:3)
  An adder skeleton (D:4)
  A worm (D:3)
  3 dart slugs
  An orc (D:3)
  6 endoplasms
  3 giant cockroaches
  4 goblins
  5 hobgoblins
  4 jackals (D:1)
  7 kobolds
  4 quokkas
  5 ball pythons
  6 bats
  9 frilled lizards
  5 rats
77 creatures vanquished.

Vanquished Creatures (others)
  15 plants (D:2)
15 creatures vanquished.

Grand Total: 92 creatures vanquished

Notes
Turn   | Place    | Note
-------+----------+-------------------------------------------
     0 | D:1      | Delamore the Formicid Fighter began the quest for the Orb.
     0 | D:1      | Reached XP level 1. HP: 18/18 MP: 1/1
   263 | D:1      | Reached XP level 2. HP: 24/24 MP: 2/2
   439 | D:1      | Found a faded altar of an unknown god.
   445 | D:1      | Reached XP level 3. HP: 29/29 MP: 3/3
   449 | D:1      | Became a worshipper of Warmaster Okawaru
   449 | D:1      | Reached * piety under Okawaru
  1163 | D:2      | Found Wadaykha's Jewellery Shop.
  1170 | D:2      | Reached XP level 4. HP: 28/37 MP: 4/4
  1271 | D:2      | Noticed Natasha
  1275 | D:2      | Killed Natasha
  1350 | D:2      | Noticed Natasha
  1366 | D:2      | Killed Natasha
  1367 | D:2      | Reached XP level 5. HP: 19/42 MP: 5/5
  1958 | D:2      | Noticed Natasha
  1968 | D:2      | Killed Natasha
  2077 | D:3      | Noticed an ice beast
  2092 | D:3      | Killed an ice beast
  2092 | D:3      | Reached ** piety under Okawaru
  2093 | D:3      | Reached skill level 5 in Shields
  2093 | D:3      | Reached XP level 6. HP: 36/49 MP: 6/6
  3288 | D:4      | Noticed an ogre
  3340 | D:3      | Reached skill level 5 in Polearms
  3340 | D:3      | Reached XP level 7. HP: 8/55 MP: 7/7
  3705 | D:4      | Identified the +1 robe of Ennui {Dex+6}
  4140 | D:3      | Slain by an ogre

Illustrated notes

Levels and vault maps discovered:
D:1:      dpeg_arrival_rooms_c, layout_loops_cross,
          ebering_ecumenical_altar_webs
D:2:      layout_basic, serial_shops, nicolae_shop_stone, serial_bayou_lagoon_a,
          minmay_lizard_pond, uniq_natasha
D:3:      layout_loops_cross, portal_sewer_entry_e
D:4:      layout_rooms, minmay_stone_trees_small, minmay_misc_feat_square,
          chequers_serial_rivers_marsh

Skill      XL: |  1  2  3  4  5  6 |
---------------+-------------------+-----
Shields        | 4 5 |  5.4
Polearms       | 3 4 5 |  5.1
Fighting       | 4 |  4.8
Armour         | |  3.2

Action                   |  1- 3 |  4- 6 |  7- 9 || total
-------------------------+-------+-------+-------++-------
Melee: Trident           |   103 |   177 |    29 ||   309
Throw: Dart              |       |       |     6 ||     6
 Abil: Dig               |     4 |     1 |     2 ||     7
  Use: Scroll            |     3 |     1 |     3 ||     7
Armor: Scale mail        |    44 |    45 |     7 ||    96
Dodge: Dodged            |    32 |    73 |    11 ||   116
Block: Kite shield       |    54 |    85 |    14 ||   153

Table legend: (Time is in decaauts)
 A = Elapsed time spent in this place.
 B = Non-inter-level travel time spent in this place.
 C = Inter-level travel time spent in this place.
 D = Time resting spent in this place.
 E = Time spent auto-exploring this place.
 F = Levels seen in this place.
 G = Mean time per level.
                   A        B        C        D        E       F      G
               +--------+--------+--------+--------+--------+-----+--------+
         Total |   4235 |   3923 |    312 |   1008 |   2115 |   4 | 1058.8 |
       Dungeon |   4235 |   3923 |    312 |   1008 |   2115 |   4 | 1058.8 |
               +--------+--------+--------+--------+--------+-----+--------+

Top non-repeatable levels by time:
     D:3: 1882 daAuts
     D:1: 1110 daAuts
     D:2: 1091 daAuts
     D:4: 150 daAuts
